 Dungeon Crawl Stone Soup version 0.17.2-1-ge4368a0 (webtiles) character file.

400584 Goblin1989 the Eviscerator (level 22, -45/140 HPs)
             Began as a Felid Monk on Mar 29, 2017.
             Was the Champion of Dithmenos.
             Killed by Shatter
             ... invoked by Jorgrun
              (90 damage)
             ... on level 5 of the Vaults on Apr 6, 2017.
             The game lasted 10:05:49 (79075 turns).

Goblin1989 the Eviscerator (Felid Monk)            Turns: 79075, Time: 10:05:53

Health: -45/140    AC: 22    Str: 10    XL:     22   Next: 55%
Magic:  32/37      EV: 53    Int: 14    God:    Dithmenos [******]
Gold:   6338       SH:  0    Dex: 20    Spells: 12 memorised, 2 levels left
                                        Lives:  0   Deaths: 5

rFire  + . .     SeeInvis +       - Unarmed
rCold  . . .     Clarity  .     (armour unavailable)
rNeg   + . .     SustAt   .     (shield unavailable)
rPois  ∞         Gourm    .     (helmet unavailable)
rElec  +         Spirit   .     (cloak unavailable)
rCorr  .         Warding  .     (gloves unavailable)
rMut   .         Stasis   .     (boots unavailable)
MR     +++..                    r - amulet of regeneration
Stlth  +++++++++.               S - ring of Shaolin {EV+8, =R}
                                f - ring of protection from fire

@: statue-form, phasing, very slightly contaminated, regenerating, wreathed by
umbra, very slow, extremely resistant to hostile enchantments, incredibly
stealthy
A: no armour, no weapons or thrown items, claws 1, fangs 3, see invisible,
carnivore 3, clumsy 1, (speed 0), low mp 1, (shaggy fur 0), slow metabolism 1,
weak 1, no device heal 1, MP-powered wands, sharp paws
a: End Transformation, Shadow Step, Shadow Form, Renounce Religion
}: 1/15 runes: gossamer


You were on level 5 of the Vaults.
You worshipped Dithmenos.
Dithmenos was exalted by your worship.
You were not hungry.
You were a stone statue.
You visited 10 branches of the dungeon, and saw 52 of its levels.
You also visited: Labyrinth, Sewer, Ice Cave and Wizlab.

You collected 8801 gold pieces.
You spent 2463 gold pieces at shops.

Inventory:

Missiles
 i - 64 poisoned arrows
 w - 7 arrows of flame
 C - 18 arrows
Jewellery
 c - a ring of protection from cold
 f - a ring of protection from fire (left paw)
 g - an amulet of resist corrosion
 j - an amulet of resist mutation
 m - a ring of protection from magic
 r - an amulet of regeneration (around neck)
 s - the ring of Baudy {SustAt Str+4 Dex+4 Stlth+}
   (You took it off a frost giant on level 3 of the Depths)

   [ring of sustain attributes]

   It sustains your strength, intelligence and dexterity.
   It affects your strength (+4).
   It affects your dexterity (+4).
   It makes you more stealthy.
 G - a cursed amulet of clarity {unknown}
 P - the amulet of Cekugob {Ward -Tele rElec rPois rN++ AC+1 EV+1}
   (You found it on level 5 of the Lair of Beasts)

   [amulet of warding]

   It may prevent the melee attacks of summoned creatures.
   It affects your AC (+1).
   It affects your evasion (+1).
   It insulates you from electricity.
   It protects you from poison.
   It greatly protects you from negative energy.
   It prevents most forms of teleportation.
 S - the ring of Shaolin (right paw) {EV+8, =R}
   (You took it off a minotaur in a labyrinth)

   [ring of evasion]

   It affects your evasion (+8).
Wands
 h - a wand of heal wounds (3) {@v1, !v}
 o - a wand of teleportation (4) {@v3, !v}
 z - a wand of digging (8)
 O - a wand of disintegration (3)
 U - a wand of hasting (1) {@v2, !v}
Scrolls
 d - 2 scrolls of fear
 p - 21 scrolls of remove curse {@r2}
 t - 5 scrolls of holy word
 y - 6 scrolls of fog
 D - 3 scrolls of recharging
 M - 6 scrolls of magic mapping
 R - 13 scrolls of identify {@r1}
 T - 11 scrolls of teleportation {!r, @r3}
 W - a scroll of silence
Potions
 b - 4 potions of berserk rage
 e - 5 potions of cancellation
 k - a potion of ambrosia
 n - 8 potions of curing {@q1}
 q - a potion of cure mutation {!q}
 v - 3 potions of agility
 x - 3 potions of resistance
 A - 5 potions of lignification
 F - a potion of brilliance
 I - a potion of heal wounds {@q2, !q}
 K - 2 potions of magic
 Q - a potion of haste
Books
 L - a book of Party Tricks

   Spells                             Type                      Level
   a - Summon Butterflies             Summoning                    1
   b - Apportation                    Translocation                1
   c - Tukima's Dance                 Hexes                        3
   d - Alistair's Intoxication        Transmutation/Poison         4
   e - Invisibility                   Hexes                        6
Miscellaneous
 l - a phantom mirror
Comestibles
 a - 33 meat rations {@e2}
 u - 9 slices of pizza
 H - a royal jelly
 J - 9 beef jerkies


   Skills:
 - Level 16.7 Fighting
 - Level 20.8 Dodging
 - Level 11.0 Stealth
 - Level 22.3 Unarmed Combat
 + Level 14.6 Spellcasting
 - Level 13.6 Hexes
 - Level 13.2 Charms
 - Level 4.0 Necromancy
 * Level 18.2 Translocations
 - Level 15.7 Transmutations
 - Level 10.5 Air Magic
 - Level 13.0 Earth Magic


You had 2 spell levels left.
You knew the following spells:

 Your Spells              Type           Power        Failure   Level  Hunger
b - Animate Skeleton      Necr           N/A          1%          1    None
c - Stoneskin             Trmt/Erth      ######..     1%          2    None
d - Sticks to Snakes      Trmt           ######....   0%          2    None
f - Deflect Missiles      Chrm/Air       #####.....   10%         6    ######.
g - Passage of Golubria   Tloc           N/A          1%          4    ##.....
o - Apportation           Tloc           ######....   0%          1    None
p - Phase Shift           Tloc           ######....   1%          5    ####...
C - Controlled Blink      Tloc           N/A          28%         8    #######
E - Animate Dead          Necr           N/A          14%         4    ##.....
I - Invisibility          Hex            #####...     4%          6    ######.
R - Regeneration          Chrm/Necr      ####......   1%          3    None
Y - Statue Form           Trmt/Erth      ######...    2%          6    ######.


Dungeon Overview and Level Annotations

Branches:
Dungeon (15/15)            Temple (1/1) D:6            Lair (8/8) D:8
  Swamp (4/4) Lair:3       Spider (4/4) Lair:4        Slime (0/6) Lair:8
    Orc (4/4) D:12            Elf (3/3) Orc:3        Vaults (5/5) D:14
  Crypt (3/3) Vaults:2       Tomb (0/3) Crypt:3      Depths (5/5) D:15
    Zot (0/5) Depths:5

Altars:
Cheibriados
Dithmenos
Elyvilon
Gozag
Kikubaaqudgha
Okawaru
Qazlal
Sif Muna
Trog
Xom
Yredelemnul
Zin
The Shining One
Beogh

Shops:
D:10 ?   Orc:2 }   Orc:4 ?*([:   Elf:3 (   Vaults:2 [}   Vaults:3 =
Vaults:4 =   Depths:2 *   Depths:3 *

Portals:
Hell: Depths:2 Depths:3 Depths:4 Depths:5
Abyss: Depths:3 Depths:4 Depths:5
Pandemonium: Depths:3

Annotations:
D:3 Natasha
D:6 WereVolvo's ghost, novice MiBe
D:13 exclusions: Frances and jelly, Frances
Lair:2 exclusion: 2 death yaks
Lair:3 Fannar
Lair:4 exclusion: downstairs
Swamp:4 Lernaean hydra
Elf:2 3 runed doors
Vaults:5 Jorgrun
Depths:1 1 exclusion
Depths:4 Saint Roka
Depths:5 5 runed doors


Innate Abilities, Weirdness & Mutations

You cannot wear armour.
You are incapable of wielding weapons or throwing items.
You have sharp claws.
You have razor-sharp teeth.
You have supernaturally acute eyesight.
You are carnivorous and can eat meat at any time.
((You cover ground quickly.))
((Your thick and shaggy fur keeps you warm (AC +3, rC+).))
You have a slow metabolism.
Your sharp claws are effective at attacking unaware monsters.
You are clumsy. (Dex -2)
Your magical capacity is low (-10% MP).
You are weak. (Str -2)
Potions and wands are less effective at restoring your health.
You expend magic power (3 MP) to strengthen your wands.


Message History

Casting: Statue Form
Confirm with . or Enter, or press ? or * to list all spells.
Your skin crawls.
The tentacled monstrosity completely misses you.
The tentacled monstrosity barely misses you.
The tentacled monstrosity completely misses you. x2
A very ugly thing and a wind drake come into view.
You regained 2 hp, and now have 74/140 hp.
You now have 34/37 mp.
You barely miss the tentacled monstrosity.
The tentacled monstrosity is lightly wounded.
Your shadow hits the tentacled monstrosity.
The wind drake changes into a tarantella!
The tentacled monstrosity barely misses you.
The tentacled monstrosity tentacle-slaps you.
The tentacled monstrosity closely misses you.
The tentacled monstrosity completely misses you.
The white very ugly thing moves out of view.
You take 1 damage, and have 73/140 hp.
You claw the tentacled monstrosity!
The tentacled monstrosity is lightly wounded.
Your shadow hits the tentacled monstrosity.
The tentacled monstrosity tentacle-slaps you but does no damage.
The tentacled monstrosity completely misses you. x2
The tentacled monstrosity misses you.
Drink which item? (? for menu, Esc to quit)
Really quaff
I - 2 potions of heal wounds {@q2, !q}?
You feel much better.
The tarantella changes into a jumping spider!
The titan waves its arms in wide circles.
The air twists around and strikes you!
The tentacled monstrosity tentacle-slaps you but does no damage.
The tentacled monstrosity misses you. x2
The tentacled monstrosity closely misses you.
You take 1 damage, and have 73/140 hp.
You eviscerate the tentacled monstrosity!!!
You claw the tentacled monstrosity, but do no damage.
The tentacled monstrosity is moderately wounded.
You hear a shout!
You hear a horrible gurgling sound!
The tentacled monstrosity tentacle-slaps you.
The tentacled monstrosity barely misses you.
The tentacled monstrosity misses you. The tentacled monstrosity grabs you.
The tentacled monstrosity constricts you.
You take 3 damage, and have 70/140 hp.
You mangle the tentacled monstrosity!!
The tentacled monstrosity is severely wounded.
Your shadow hits the tentacled monstrosity.
The jumping spider leaps!
The tentacled monstrosity tentacle-slaps you but does no damage.
The tentacled monstrosity completely misses you. x2
The tentacled monstrosity constricts you.
You take 4 damage, and have 66/140 hp.
You mangle the tentacled monstrosity!! You claw the tentacled monstrosity!
You kill the tentacled monstrosity!
Dithmenos accepts your kill.
Unknown command.
Put on which piece of jewellery? (? for menu, Esc to quit)
Okay, then.
You claw the tengu reaver!
The tengu reaver is lightly wounded.
The tengu reaver hits you with a great mace!
* * * LOW HITPOINT WARNING * * *
The tengu reaver pecks you but does no damage.
The tengu reaver barely misses you.
A deep elf demonologist comes into view.
It is wielding a dagger.
You take 7 damage, and have 60/140 hp.
You claw the tengu reaver!
The tengu reaver is moderately wounded.
The jumping spider changes into a death drake!
Unknown command.
Put on which piece of jewellery? (? for menu, Esc to quit)
You remove the amulet of Cekugob {Ward -Tele rElec rPois rN++ AC+1 EV+1}.
The tengu reaver points at you and mumbles some strange words.
The bolt of acid misses you.
The deep elf demonologist casts a spell.
r - an amulet of regeneration (around neck)
The tengu reaver barely misses you. The tengu reaver misses you.
The tengu reaver completely misses you.
You regained 2 hp, and now have 63/140 hp.
Casting: Regeneration
Confirm with . or Enter, or press ? or * to list all spells.
You feel the strange sensation of being on two planes at once.
The blizzard demon waves its arms in wide circles.
The air twists around and strikes you!
* * * LOW HITPOINT WARNING * * *
The tengu reaver completely misses you. The tengu reaver pecks you.
* * * LOW HITPOINT WARNING * * *
The tengu reaver claws you but does no damage.
You take 21 damage, and have 42/140 hp.
You now have 32/37 mp.
Read which item? (? for menu, Esc to quit)
Blink to where?
Press: ? - help, Dir - move target cursor You are very lightly contaminated with residual magic.
As you read the scroll of blinking, it crumbles to dust.
Jorgrun gestures wildly while chanting.
The dungeon rumbles around Jorgrun!
You shudder from the earth-shattering force.
Ouch! That really hurt!
You die...

█..█....█....█[/█...
███..█....█....▲██∆...
.....█....██∆.........
............██████████
█.█████........██████████
..........<<.............
.........<..<............
..........<<.............
.g......8................
████.█........██████████
████.........)))ZZ..(.█
██......█....█████Z......
█..██..██....█ ███....
█§████.██....█ ██.


██Q██ █.██....█ ██▲ ██kCp██..██....█ ██...██eCu.*..███....█ You could see
Jorgrun.

Vanquished Creatures
  3 ancient liches
  Mennas (Vaults:5)
  A juggernaut (Depths:4)
  Sojobo (Depths:3)
  Frederick (Crypt:3)
  The ghost of WereVolvo the Shatterer, a veteran OgHu of the Shining One (Crypt:1)
  2 caustic shrikes
  5 golden dragons
  3 bone dragons
  Arachne (Spider:4)
  A shard shrike zombie (Crypt:1)
  Rupert (Orc:4)
  3 tentacled monstrosities
  A moon troll (WizLab)
  10 liches
  4 titans
  2 deep elf blademasters (Elf:3)
  4 deep elf master archers (Elf:3)
  2 quicksilver dragons (WizLab)
  4 sphinxes
  8 tentacled starspawn (WizLab)
  An ancient champion (Vaults:2)
  A thorn hunter (Swamp:4)
  5 tengu reavers
  5 storm dragons
  2 revenants
  7 shadow dragons
  12 fire giants
  5 ghost moths (Spider:4)
  Donald (Crypt:3)
  A draconian knight (Depths:5)
  12 frost giants
  12 vault wardens
  A juggernaut zombie (Depths:2)
  4 curse skulls
  11 deep elf sorcerers
  9 emperor scorpions
  3 ghouls
  A cacodemon (WizLab)
  12 very ugly things
  8 war gargoyles
  7 ironheart preservers
  2 draconian annihilators (Depths:5)
  26 stone giants
  8 vampire knights
  A reaper (Crypt:2)
  A black draconian (Depths:5)
  2 green draconians (Depths:5)
  7 deep elf annihilators (Elf:3)
  6 deep elf demonologists
  A purple draconian (Depths:5)
  A yellow draconian (Depths:5)
  Azrael (Orc:4)
  5 dire elephants (Lair:8)
  A mottled draconian (Depths:5)
  3 white draconians (Depths:5)
  4 crystal guardians
  3 eidola
  10 ettins
  33 vault guards
  6 deep elf death magi (Elf:3)
  12 jiangshi
  11 fire dragons
  12 deep elf high priests
  Josephine (D:10)
  11 yaktaur captains
  9 great orbs of eyes
  A minotaur (Lab)
  A death knight (Crypt:1)
  11 ice dragons
  18 hydras
  7 entropy weavers
  10 centaur warriors
  A large abomination (Elf:3)
  5 spriggan air magi
  A ghost crab (Swamp:3)
  An anaconda (Lair:8)
  2 rakshasas
  4 alligators
  11 deep troll earth magi
  12 vampire magi
  10 death yaks
  A queen ant (Lair:7)
  13 deep troll shamans
  12 ogre magi
  9 dancing weapons
  6 tengu warriors
  A small abomination (Elf:3)
  2 titan zombies
  9 soul eaters (Crypt:1)
  6 orc high priests
  4 spriggan berserkers
  A titan skeleton (Crypt:3)
  Nergalle (Orc:1)
  14 hell knights
  A fire crab (shapeshifter) (Depths:3)
  10 spriggans
  6 iron trolls
  3 shadow wraiths
  11 deep elf knights
  3 swamp dragons
  37 deep trolls
  A fire crab (Vaults:2)
  21 skeletal warriors
  2 anaconda zombies (Crypt:3)
  A death drake (Depths:4)
  2 storm dragon skeletons
  8 flayed ghosts
  2 unseen horrors
  2 giant orange brains (shapeshifter)
  8 giant orange brains
  A salamander mystic (Depths:1)
  A golden dragon zombie (Crypt:3)
  A spriggan druid (Swamp:2)
  3 shambling mangroves
  6 wizards
  5 phantasmal warriors
  9 deep elf summoners
  An obsidian statue (Vaults:1)
  3 orange crystal statues
  12 hill giants
  12 ironbrand convokers
  2 shadow dragon zombies
  Pikel (D:9)
  7 harpies (Vaults:3)
  A lindwurm (shapeshifter) (Depths:5)
  4 lindwurms (Lair:5)
  A golden dragon skeleton (Crypt:3)
  A hill giant (shapeshifter) (Vaults:5)
  A sphinx zombie (Crypt:2)
  7 orc sorcerers
  2 mana vipers (Depths:4)
  35 wolf spiders
  2 frost giant zombies
  14 orb spiders
  16 orc knights
  A fire giant zombie (Crypt:2)
  9 hornets
  19 necromancers
  An oklob plant (Orc:2)
  A manticore (D:14)
  A faun (shapeshifter) (Depths:2)
  12 deep elf conjurers
  2 salamanders (Depths:1)
  A shining eye (shapeshifter) (Vaults:5)
  3 griffons
  2 salamanders (shapeshifter) (Vaults:4)
  A manticore (shapeshifter) (Vaults:3)
  48 ugly things
  6 centaur zombies
  4 elephants (Lair:8)
  Maurice (D:10)
  6 moths of wrath
  3 black mambas
  9 cyclopes
  A dire elephant zombie (Crypt:3)
  A frost giant skeleton (Vaults:4)
  21 vault sentinels
  2 ice statues (IceCv)
  An orange demon (Swamp:4)
  5 eyes of devastation (WizLab)
  A titan simulacrum (Crypt:2)
  5 torpor snails
  6 gargoyles
  5 spectral swamp worms (Depths:2)
  6 kobold demonologists
  16 demonic crawlers
  4 fire drakes
  A yaktaur skeleton (Vaults:3)
  17 spiny frogs
  34 yaktaurs
  14 deep elf priests
  A spriggan skeleton (Depths:2)
  2 spectral merfolk (Depths:4)
  An anaconda simulacrum (Depths:4)
  A hellwing (Depths:1)
  31 two-headed ogres
  3 komodo dragons
  6 freezing wraiths
  A merfolk (shapeshifter) (Vaults:5)
  8 blink frogs
  4 tengu conjurers
  25 jumping spiders
  A tengu simulacrum (Vaults:4)
  49 slime creatures
  3 giant leeches
  10 trolls
  An ettin zombie (Crypt:3)
  A hydra skeleton (Crypt:3)
  9 bog bodies
  2 boulder beetles
  24 shadows
  3 raiju (Depths:4)
  11 air elementals
  2 fire giant simulacra
  The ghost of WereVolvo the Chiller, an amateur OpIE of Cheibriados (D:8)
  A black mamba zombie (Crypt:2)
  2 wyverns
  18 trapdoor spiders
  16 wraiths
  10 starcursed masses (WizLab)
  An ettin skeleton (Depths:2)
  22 deep elf magi
  23 yaks
  19 flying skulls
  18 tarantellas
  7 vampires
  2 fire elementals (Orc:4)
  A steam dragon (D:10)
  5 water elementals
  5 basilisks
  60 redbacks
  A yak (shapeshifter) (Elf:3)
  26 deep elf fighters
  5 golden eyes (WizLab)
  10 wargs
  3 hungry ghosts
  23 vampire mosquitoes
  2 neqoxecs (WizLab)
  18 humans (D:14)
  A yaktaur simulacrum (Vaults:3)
  11 hippogriffs
  Menkaure (D:7)
  5 insubstantial wisps
  17 swamp worms
  3 mottled dragons
  6 soldier ants
  2 spectral trolls (Depths:4)
  7 wolves
  An eye of draining (D:10)
  2 hydra simulacra
  15 water moccasins
  A sky beast (shapeshifter) (Depths:3)
  3 spectral spriggans (Depths:4)
  34 spiders
  A fire dragon simulacrum (Crypt:2)
  A black bear (D:6)
  10 hell hounds
  11 porcupines
  10 swamp drakes
  3 sky beasts
  A black bear (shapeshifter) (Vaults:2)
  16 necrophages
  15 wasps
  35 orc warriors
  37 ogres
  3 ettin simulacra
  2 phantoms
  15 ice beasts
  A lindwurm skeleton (Crypt:1)
  A snapping turtle skeleton (Crypt:1)
  18 boggarts
  An eye of draining (shapeshifter) (Vaults:1)
  7 crocodiles
  A human simulacrum (Depths:1)
  21 centaurs
  2 yaktaur zombies
  2 wyvern zombies
  30 giant frogs
  A gnoll sergeant (D:6)
  3 big kobolds
  2 elf zombies
  An earth elemental (Lab)
  A wyvern skeleton (D:11)
  2 glowing shapeshifter simulacra
  A polar bear zombie (Crypt:2)
  29 killer bees
  4 scorpions
  A scorpion (shapeshifter) (Elf:3)
  2 spectral nagas (Depths:4)
  3 spectral ogres (Depths:4)
  A water moccasin skeleton (D:11)
  A raiju skeleton (Crypt:1)
  A snapping turtle simulacrum (Crypt:2)
  2 spectral centaurs (Depths:4)
  46 wights
  3 electric eels
  9 crimson imps
  5 giant frog zombies
  A vampire bat (Orc:4)
  33 orc priests
  9 centaur skeletons
  6 jellies
  A quasit (D:11)
  8 hounds
  39 orc wizards
  5 giant frog skeletons
  4 human zombies (D:9)
  4 hell rats (Lair:7)
  3 human skeletons
  Natasha (D:3)
  9 iguanas
  13 sheep
  19 worker ants
  A killer bee zombie (D:11)
  A dwarf zombie (Crypt:1)
  An ogre zombie (D:9)
  2 hound zombies
  An ogre skeleton (D:9)
  2 mummies (D:9)
  A crocodile skeleton (Crypt:2)
  A hound skeleton (D:11)
  3 worker ant zombies (D:11)
  A naga simulacrum (Depths:4)
  3 gnolls (D:6)
  A steam dragon skeleton (Crypt:2)
  85 river rats
  4 shadow imps
  12 adders
  A giant eyeball (Depths:4)
  3 oozes
  3 adder zombies
  A sheep skeleton (Crypt:1)
  A sheep zombie (Crypt:1)
  A worm (D:3)
  13 giant geckos
  195 orcs
  6 ball pythons
  11 bats
  12 giant cockroaches
  7 goblins
  9 hobgoblins
  5 jackals
  11 kobolds
  5 quokkas
  2 giant gecko skeletons (D:4)
  A giant gecko zombie (D:7)
  7 giant newts
  A jackal skeleton (Crypt:2)
  A kobold skeleton (Crypt:2)
  A kobold zombie (Crypt:2)
  An orc zombie (D:9)
  10 rats
  A bush (Lair:7)
  2 crawling corpses (Elf:3)
  A fungus (Lair:8)
  3 plants (Lair:8)
2624 creatures vanquished.

Vanquished Creatures (collateral kills)
  A tentacled monstrosity (Vaults:5)
  A storm dragon (Vaults:5)
  2 sphinxes
  Roxanne (Spider:2)
  2 frost giants
  2 fire giants
  2 vault wardens
  A deep elf sorcerer (Depths:3)
  An emperor scorpion (Spider:4)
  4 stone giants
  A war gargoyle (Depths:4)
  A deep elf annihilator (Vaults:5)
  An eidolon (Depths:4)
  2 yaktaur captains
  2 ettins (Vaults:5)
  2 entropy weavers
  4 hydras
  2 ogre magi
  An alligator (Swamp:2)
  A small abomination (Vaults:1)
  4 death yaks
  A titan zombie (Vaults:4)
  A hill giant (shapeshifter) (Vaults:4)
  An ironbrand convoker (Vaults:3)
  2 harpies (Vaults:3)
  A tengu zombie (Depths:1)
  2 griffons
  2 deep trolls
  6 wolf spiders
  5 orb spiders
  A hornet (Swamp:3)
  4 ugly things
  2 necromancers
  2 orc sorcerers
  3 vault sentinels
  A titan simulacrum (Vaults:4)
  A kobold demonologist (Vaults:2)
  A spiny frog (Swamp:3)
  A two-headed ogre (Vaults:1)
  A komodo dragon (shapeshifter) (Depths:4)
  A red devil (Depths:1)
  A yaktaur (Depths:4)
  3 demonic crawlers
  2 giant leeches (Swamp:3)
  5 jumping spiders
  A blink frog (Lair:5)
  A bog body (Swamp:3)
  6 slime creatures
  A shadow (Depths:4)
  3 trapdoor spiders (Spider:4)
  A vampire (Depths:4)
  A spriggan skeleton (Depths:1)
  An air elemental (Depths:5)
  7 redbacks
  2 deep elf fighters (Vaults:1)
  6 swamp worms
  A vampire mosquito (Vaults:1)
  A warg (Vaults:1)
  3 water moccasins
  A hydra simulacrum (Depths:4)
  A spectral troll (Depths:4)
  A wasp (Spider:4)
  An orc warrior (Vaults:2)
  4 spiders
  10 ogres
  3 centaurs (Vaults:3)
  A big kobold (Vaults:2)
  A glowing shapeshifter simulacrum (Vaults:1)
  An orc priest (Vaults:3)
  3 orcs
  A fungus (Lair:5)
  3 plants
154 creatures vanquished.

Vanquished Creatures (others)
  Margery (Depths:3)
  An eldritch tentacle (Depths:5)
  A very ugly thing (Swamp:4)
  A deep elf knight (Elf:2)
  A deep troll (Depths:2)
  An unseen horror (D:15)
  A redback (Vaults:4)
  A deep elf fighter (Elf:2)
  A boggart (Vaults:2)
  A hound (D:9)
  A worker ant (D:9)
  A crawling corpse (Elf:3)
  99 eldritch tentacle segments (Depths:5)
  12 fungi
  4 lost souls
  34 plants
  14 starspawn tentacles (WizLab)
  211 starspawn tentacle segments (WizLab)
386 creatures vanquished.

Grand Total: 3164 creatures vanquished

Notes
Turn   | Place    | Note
--------------------------------------------------------------
     0 | D:1      | Goblin1989 the Felid Monk began the quest for the Orb.
     0 | D:1      | Reached XP level 1. HP: 10/10 MP: 2/2
   644 | D:1      | Reached XP level 2. HP: 12/14 MP: 3/3
  1122 | D:2      | Reached XP level 3. HP: 14/17 MP: 4/4
  1662 | D:2      | Found a glowing golden altar of the Shining One.
  1663 | D:2      | Found a deep blue altar of Sif Muna.
  1664 | D:2      | Found a stormy altar of Qazlal.
  2045 | D:3      | Found a bloodstained altar of Trog.
  2176 | D:3      | Noticed Natasha
  2190 | D:3      | Killed Natasha
  2190 | D:3      | Reached XP level 4. HP: 16/21 MP: 5/5
  2465 | D:3      | Noticed Natasha
  2518 | D:4      | Reached skill level 5 in Dodging
  2603 | D:4      | Found a glowing drain.
  2604 | D:4      | Reached XP level 5. HP: 17/24 MP: 6/6
  2705 | Sewer    | Entered a sewer
  2850 | Sewer    | Reached skill level 5 in Unarmed Combat
  3069 | Sewer    | Reached skill level 5 in Stealth
  3069 | Sewer    | Gained mutation: You are covered in thick fur (AC +2). [Felid growth]
  3069 | Sewer    | Reached XP level 6. HP: 21/28 MP: 7/7
  3480 | D:4      | Found an iron altar of Okawaru.
  4039 | D:5      | Entered Level 5 of the Dungeon
  4063 | D:5      | Reached skill level 6 in Unarmed Combat
  4088 | D:5      | Reached XP level 7. HP: 32/32 MP: 8/8
  5304 | D:6      | Found a staircase to the Ecumenical Temple.
  5318 | Temple   | Entered the Ecumenical Temple
  5340 | Temple   | Became a worshipper of Dithmenos the Shadowed
  5340 | Temple   | Reached * piety under Dithmenos
  5340 | Temple   | Reached ** piety under Dithmenos
  5378 | D:6      | Noticed WereVolvo's ghost (novice MiBe)
  5503 | D:6      | Reached skill level 7 in Unarmed Combat
  5508 | D:6      | Found a snail-covered altar of Cheibriados.
  5722 | D:6      | Reached XP level 8. HP: 36/36 MP: 9/9
  5737 | D:6      | Reached skill level 5 in Fighting
  6132 | D:7      | ReniFell: goblen
  6137 | D:7      | ReniFell: kak igraecca?
  6164 | D:7      | Reached skill level 8 in Unarmed Combat
  6166 | D:7      | Goblin1989: та никак
  6166 | D:7      | Goblin1989: вот, пытаюсь котейкой выиграть
  6223 | D:7      | Found a deep blue altar of Sif Muna.
  6438 | D:7      | Noticed Menkaure
  6455 | D:7      | Killed Menkaure
  6455 | D:7      | Reached XP level 9. HP: 26/41 MP: 10/10
  6713 | D:8      | Reached *** piety under Dithmenos
  6718 | D:8      | Goblin1989: кстати
  6718 | D:8      | Goblin1989: я помнится видел котейку-AK, который делал сперва данж целиком, потом делал дэпсы до пока статую не нашел
  6718 | D:8      | Goblin1989: смотрелось эффектно
  6718 | D:8      | Goblin1989: не умер ведь
  6952 | D:8      | Reached skill level 9 in Unarmed Combat
  6976 | D:8      | HP: 2/41 [killer bee (8)]
  7116 | D:8      | Found a staircase to the Lair.
  7117 | D:8      | Noticed a komodo dragon
  7227 | D:8      | Killed a komodo dragon
  7367 | D:8      | Noticed WereVolvo's ghost (amateur OpIE)
  7787 | Lair:1   | Entered Level 1 of the Lair of Beasts
  8149 | Lair:1   | Noticed a spiny frog
  8154 | Lair:1   | Killed a spiny frog
  8154 | Lair:1   | Reached skill level 10 in Unarmed Combat
  8154 | Lair:1   | Reached XP level 10. HP: 46/46 MP: 6/11
  8255 | Lair:1   | Noticed a spiny frog
  8263 | Lair:1   | Killed a spiny frog
  8411 | Lair:1   | Reached skill level 10 in Stealth
  8513 | Lair:1   | Noticed a seven-headed hydra
  8607 | Lair:1   | Killed a seven-headed hydra
  8607 | Lair:1   | Reached skill level 10 in Dodging
  8688 | Lair:1   | Learned a level 6 spell: Invisibility
  8893 | Lair:1   | Reached skill level 1 in Hexes
  9088 | Lair:2   | Reached skill level 1 in Spellcasting
  9098 | Lair:2   | Reached skill level 11 in Unarmed Combat
  9113 | Lair:2   | Noticed a death yak
  9567 | Lair:2   | Reached XP level 11. HP: 47/51 MP: 15/15
  9827 | Lair:2   | Reached skill level 5 in Hexes
 10160 | Lair:2   | Noticed a death yak
 10288 | Lair:3   | Noticed Fannar
 10708 | Lair:3   | Found a staircase to the Swamp.
 10851 | Lair:3   | Reached **** piety under Dithmenos
 11481 | Lair:4   | Found a hole to the Spider Nest.
 12009 | Lair:4   | Reached skill level 12 in Unarmed Combat
 12652 | Lair:5   | Noticed a death yak
 12652 | Lair:5   | Noticed a death yak
 12652 | Lair:5   | Noticed a death yak
 12652 | Lair:5   | Noticed a death yak
 12652 | Lair:5   | Noticed a death yak
 12676 | Lair:5   | Noticed an eight-headed hydra
 12677 | Lair:5   | Noticed a death yak
 12678 | Lair:5   | Killed an eight-headed hydra
 12963 | Lair:5   | Gained mutation: Your thick and shaggy fur keeps you warm (AC +3, rC+). [Felid growth]
 12963 | Lair:5   | Reached XP level 12. HP: 56/56 MP: 18/18
 13084 | Lair:5   | Noticed a lindwurm
 13533 | D:9      | Noticed Pikel
 13551 | D:9      | Killed Pikel
 13584 | D:9      | Found an opulent altar of Gozag.
 13664 | D:9      | Reached ***** piety under Dithmenos
 13670 | D:9      | Found a basalt altar of Yredelemnul.
 13887 | D:10     | Entered Level 10 of the Dungeon
 13914 | D:10     | Found Duedeo's Magic Scroll Boutique.
 13964 | D:10     | Noticed Josephine
 13968 | D:10     | Killed Josephine
 14057 | D:10     | Bought a scroll of identify for 24 gold pieces
 14057 | D:10     | Bought a scroll of identify for 24 gold pieces
 14057 | D:10     | Bought a scroll of enchant weapon for 90 gold pieces
 14225 | D:10     | Reached skill level 10 in Hexes
 14398 | D:10     | Noticed Maurice
 14404 | D:10     | Killed Maurice
 14671 | D:11     | Reached skill level 13 in Unarmed Combat
 14671 | D:11     | Reached skill level 5 in Spellcasting
 14721 | D:11     | Found a labyrinth entrance.
 14753 | D:11     | Learned a level 6 spell: Darkness
 14754 | Lab      | Entered a labyrinth
 15738 | Lab      | Noticed a minotaur
 15739 | Lab      | Gained mutation: You are agile. (Dex +2) [potion of mutation]
 15739 | Lab      | Gained mutation: You are weak. (Str -2) [potion of mutation]
 15739 | Lab      | Gained mutation: You regenerate slowly when monsters are visible. [potion of mutation]
 15757 | Lab      | Killed a minotaur
 16180 | D:11     | Reached XP level 13. HP: 61/61 MP: 21/21
 16204 | D:11     | Learned a level 3 spell: Regeneration
 16299 | D:11     | Reached skill level 10 in Fighting
 17161 | D:12     | Reached ****** piety under Dithmenos
 17193 | D:12     | Found a staircase to the Orcish Mines.
 17780 | D:9      | Learned a level 1 spell: Animate Skeleton
 17821 | D:8      | Killed WereVolvo's ghost
 18280 | Lair:4   | Reached skill level 1 in Charms
 18382 | Lair:5   | Reached skill level 1 in Necromancy
 18389 | Lair:5   | Noticed a six-headed hydra
 18394 | Lair:5   | Killed a six-headed hydra
 18442 | Lair:5   | Killed a death yak
 18470 | Lair:5   | Killed a death yak
 18500 | Lair:5   | Killed a death yak
 18500 | Lair:5   | Reached skill level 14 in Unarmed Combat
 18560 | Lair:5   | Killed a death yak
 18566 | Lair:5   | Killed a death yak
 18666 | Lair:5   | Killed a death yak
 18737 | Lair:5   | Noticed a seven-headed hydra
 18740 | Lair:5   | Killed a seven-headed hydra
 18883 | Lair:5   | Noticed a lindwurm
 18902 | Lair:5   | Noticed a lindwurm
 18902 | Lair:5   | Noticed a lindwurm
 18903 | Lair:5   | Killed a lindwurm
 18912 | Lair:5   | Killed a lindwurm
 18914 | Lair:5   | Killed a lindwurm
 18923 | Lair:5   | Killed a lindwurm
 18925 | Lair:5   | Identified the Tome of Excruciating Lightness (You found it on level 5 of the Lair of Beasts)
 18936 | Lair:5   | Goblin1989: +8 glaive of the Guard {elec, +Rage AC+5 SInv}.
 18936 | Lair:5   | Goblin1989: когда играешь демонспавнами такие вещи почему-то не очень бомбят.
 18936 | Lair:5   | Goblin1989: а тут как-то обидно немного
 18936 | Lair:5   | Goblin1989: лучше бы книжечку с формой статуи
 18959 | Lair:5   | Goblin1989: 5 needles of sleeping.
 18959 | Lair:5   | Goblin1989: 6 needles of sleeping.
 18959 | Lair:5   | Goblin1989: любой асассин бы кончил если эти иглы нашел
 19241 | Lair:6   | Found a frozen archway.
 19268 | Lair:6   | Goblin1989: хотя нет
 19270 | Lair:6   | Goblin1989: the amulet of Cekugob (around neck) {Ward -Tele rElec rPois rN++ AC+1 EV+1}
 19270 | Lair:6   | Goblin1989: ;bnm vj;yj
 19270 | Lair:6   | Goblin1989: жить можно
 19273 | IceCv    | Entered an ice cave
 19547 | Lair:6   | Reached XP level 14. HP: 66/66 MP: 18/24
 20822 | Lair:7   | You fall through a shaft!
 20822 | Lair:8   | Entered Level 8 of the Lair of Beasts
 20833 | Lair:8   | Found a staircase to the Slime Pits.
 21463 | Lair:8   | Learned a level 2 spell: Stoneskin
 22523 | Orc:1    | Entered Level 1 of the Orcish Mines
 22545 | Orc:1    | Reached skill level 1 in Transmutations
 22593 | Orc:1    | Noticed Nergalle
 22596 | Orc:1    | Killed Nergalle
 22816 | Orc:2    | Found Estuf's Gadget Boutique.
 24174 | Orc:3    | Found a roughly hewn altar of Beogh.
 24395 | Orc:3    | Lost mutation: You are weak. (Str -2) [potion of cure mutation]
 24395 | Orc:3    | Lost mutation: You are agile. (Dex +2) [potion of cure mutation]
 24395 | Orc:3    | Lost mutation: You regenerate slowly when monsters are visible. [potion of cure mutation]
 24485 | Orc:3    | Found a staircase to the Elven Halls.
 24674 | Orc:4    | Entered Level 4 of the Orcish Mines
 24674 | Orc:4    | Noticed Azrael
 24677 | Orc:4    | Killed Azrael
 24677 | Orc:4    | Reached skill level 1 in Earth Magic
 24827 | Orc:4    | Found a roughly hewn altar of Beogh.
 24878 | Orc:4    | Found Ogius's Magic Scroll Emporium.
 24885 | Orc:4    | Noticed Rupert
 24945 | Orc:4    | Reached skill level 15 in Unarmed Combat
 25135 | Orc:4    | Bought a scroll of brand weapon for 320 gold pieces
 25135 | Orc:4    | Bought a scroll of blinking for 120 gold pieces
 25135 | Orc:4    | Bought a scroll of identify for 32 gold pieces
 25135 | Orc:4    | Bought a scroll of identify for 32 gold pieces
 25192 | Orc:4    | Killed Rupert
 25263 | Orc:4    | Found Waticw Pyach's Armour Shop.
 25263 | Orc:4    | Found Soocruqe's Book Shop.
 25263 | Orc:4    | Found Afysob's Weapon Boutique.
 25268 | Orc:4    | Found Faomuof's Assorted Antiques.
 25298 | Orc:4    | Bought a murky ruby potion for 20 gold pieces
 25300 | Orc:4    | Bought a book of Transfigurations for 880 gold pieces
 25327 | Orc:3    | Learned a level 6 spell: Statue Form
 25888 | Orc:4    | Found a roughly hewn altar of Beogh.
 26020 | Orc:4    | Found Ogius's Magic Scroll Emporium.
 26108 | Orc:4    | Found Waticw Pyach's Armour Shop.
 26109 | Orc:4    | Found Faomuof's Assorted Antiques.
 26110 | Orc:4    | Found Afysob's Weapon Boutique.
 26113 | Orc:4    | Found Soocruqe's Book Shop.
 26683 | D:13     | Identified the Catalogue of Dhcmrlchtdj (You found it on level 13 of the Dungeon)
 26710 | D:13     | Identified the Almanac of Axaxaxas mlö
 26718 | D:13     | Identified Zeolaly's Volume of Sand
 27085 | D:13     | Reached XP level 15. HP: 71/71 MP: 27/27
 27288 | D:13     | Noticed Frances
 27704 | D:14     | Gained mutation: You expend magic power (3 MP) to strengthen your wands. [a neqoxec]
 28740 | D:14     | Found a gate to the Vaults.
 29101 | D:14     | Found a deep blue altar of Sif Muna.
 29610 | D:15     | Entered Level 15 of the Dungeon
 30416 | D:15     | Reached skill level 5 in Transmutations
 30778 | D:15     | Reached skill level 5 in Earth Magic
 31091 | D:15     | Found a staircase to the Depths.
 31684 | Swamp:1  | Entered Level 1 of the Swamp
 32549 | Swamp:1  | Reached XP level 16. HP: 70/76 MP: 29/29
 32795 | Swamp:1  | Reached skill level 16 in Unarmed Combat
 34442 | Swamp:3  | Reached skill level 15 in Dodging
 35281 | Swamp:4  | Entered Level 4 of the Swamp
 35493 | Swamp:4  | HP: 1/76 [eight-headed hydra (12)]
 35493 | Swamp:4  | Mangled by an eight-headed hydra
 35494 | Swamp:4  | Reached XP level 15. HP: -12/72 MP: 27/28
 35865 | Swamp:4  | Noticed the 27-headed Lernaean hydra
 36014 | Spider:1 | Entered Level 1 of the Spider Nest
 37053 | Lair:4   | Goblin1989: ?#
 37186 | Spider:1 | Reached XP level 16. HP: 76/76 MP: 24/29
 37424 | Spider:1 | Reached skill level 10 in Transmutations
 37454 | Spider:1 | Gained mutation: Your magical capacity is low (-10% MP). [mutagenic glow]
 37720 | Spider:1 | HP: 1/98 [disintegration (34)]
 37729 | Spider:1 | Blown up by an orb spider
 37730 | Spider:1 | Reached XP level 15. HP: -21/72 MP: 13/26
 38196 | Spider:2 | Noticed Roxanne
 38818 | Lair:1   | Learned a level 4 spell: Animate Dead
 39495 | Spider:2 | Killed Roxanne
 39497 | Spider:2 | Identified Roxanne's Disquisition on Transmutation (You took it off Roxanne on level 2 of the Spider Nest)
 40796 | Spider:3 | Reached skill level 10 in Earth Magic
 41515 | Spider:4 | Entered Level 4 of the Spider Nest
 42039 | Spider:4 | Noticed Arachne
 42422 | Spider:4 | Reached XP level 16. HP: 77/77 MP: 22/27
 42532 | Spider:4 | Killed Arachne
 42559 | Spider:4 | Gained mutation: Potions and wands are less effective at restoring your health. [mutagenic glow]
 42650 | Spider:4 | Got a gossamer rune of Zot
 43308 | Spider:4 | Reached skill level 17 in Unarmed Combat
 44462 | Lair:1   | Learned a level 5 spell: Phase Shift
 44670 | Vaults:1 | Entered Level 1 of the Vaults
 45749 | Vaults:1 | Reached XP level 17. HP: 27/81 MP: 18/28
 47004 | Vaults:2 | Found Imel's Gadget Shop.
 47639 | Vaults:2 | Reached skill level 1 in Translocations
 47994 | Vaults:2 | Found a staircase to the Crypt.
 48077 | Vaults:2 | Found Mocluut's Armour Shop.
 48077 | Vaults:2 | Noticed a tentacled monstrosity
 48119 | Vaults:2 | Killed a tentacled monstrosity
 48491 | Vaults:3 | Reached XP level 18. HP: 66/85 MP: 29/29
 48592 | Vaults:3 | Reached skill level 5 in Translocations
 49556 | Vaults:3 | Found Vesien's Jewellery Emporium.
 49589 | Vaults:3 | Bought the ring of Freedom {rC+ Stlth-} for 279 gold pieces
 49589 | Vaults:3 | Bought a ring of wizardry for 390 gold pieces
 50768 | Vaults:4 | Found Hymmie Iqow's Jewellery Shoppe.
 50899 | Vaults:4 | Reached skill level 10 in Spellcasting
 51096 | Vaults:4 | Reached skill level 18 in Unarmed Combat
 52594 | Lair:1   | Learned a level 4 spell: Passage of Golubria
 52845 | Depths:1 | Entered Level 1 of the Depths
 52887 | Depths:1 | Reached XP level 19. HP: 90/90 MP: 14/31
 53503 | Depths:1 | Reached skill level 15 in Transmutations
 54481 | Depths:2 | Found Xeirgh's General Store.
 54846 | Depths:2 | Bought a scroll of teleportation for 54 gold pieces
 54846 | Depths:2 | Bought a scroll of identify for 36 gold pieces
 54855 | Depths:2 | Found a gateway to Hell.
 54978 | Depths:2 | Noticed a caustic shrike
 54991 | Depths:2 | Killed a caustic shrike
 54995 | Depths:2 | Noticed a golden dragon
 55001 | Depths:2 | Killed a golden dragon
 55001 | Depths:2 | Reached skill level 19 in Unarmed Combat
 55055 | Depths:2 | Noticed a golden dragon
 55063 | Depths:2 | Killed a golden dragon
 55339 | Depths:2 | Noticed a lich
 55353 | Depths:2 | Killed a lich
 55535 | Depths:3 | Found a one-way gate leading to the halls of Pandemonium.
 55565 | Depths:3 | Reached XP level 20. HP: 96/96 MP: 15/32
 55571 | Depths:3 | Noticed Sojobo
 55629 | Depths:3 | Killed Sojobo
 55994 | Depths:3 | Found Nepoe's Assorted Antiques.
 56019 | Depths:3 | Bought a scroll of teleportation for 81 gold pieces
 56019 | Depths:3 | Bought a scroll of teleportation for 81 gold pieces
 56092 | Depths:3 | Noticed a golden dragon
 56138 | Depths:3 | Noticed Margery
 56349 | Depths:3 | Killed a golden dragon
 56384 | Depths:3 | Reached skill level 15 in Fighting
 56513 | Depths:3 | Reached skill level 20 in Unarmed Combat
 56552 | Depths:3 | Noticed a golden dragon
 56561 | Depths:3 | Killed a golden dragon
 56562 | Depths:3 | Mangled by a stone giant
 56563 | Depths:3 | Reached XP level 19. HP: -6/120 MP: 20/31
 56790 | Depths:3 | Killed Margery
 56948 | Depths:3 | Noticed a caustic shrike
 56962 | Depths:3 | Killed a caustic shrike
 57494 | Depths:3 | Got an ancient bronze ring
 57850 | Depths:3 | Identified the ring of Baudy {SustAt Str+4 Dex+4 Stlth+} (You took it off a frost giant on level 3 of the Depths)
 57851 | Depths:3 | Identified a scroll of acquirement
 58062 | Depths:3 | Found a one-way gate to the infinite horrors of the Abyss.
 58319 | Depths:2 | Reached XP level 20. HP: 97/97 MP: 26/32
 60241 | Depths:5 | Entered Level 5 of the Depths
 60722 | Depths:5 | Noticed a juggernaut
 60952 | Depths:4 | Killed a juggernaut
 61328 | Lair:1   | Learned a level 6 spell: Deflect Missiles
 61331 | Lair:1   | Learned a level 2 spell: Swiftness
 61668 | Depths:4 | Reached skill level 1 in Air Magic
 61679 | Depths:4 | Reached skill level 5 in Charms
 61981 | Depths:5 | Noticed a golden dragon
 62405 | Depths:4 | Noticed Saint Roka
 62710 | Depths:4 | Paralysed by a giant eyeball for 4 turns
 63266 | Depths:4 | Noticed an ancient lich
 63280 | Depths:4 | Killed an ancient lich
 63280 | Depths:4 | Reached skill level 5 in Air Magic
 63280 | Depths:4 | Reached XP level 21. HP: 27/102 MP: 22/33
 65021 | Depths:5 | Found a runed door.
 65025 | Depths:5 | Found a runed door.
 65446 | Depths:5 | Reached skill level 10 in Charms
 65591 | Depths:5 | Found a runed door.
 65617 | Depths:5 | Killed a golden dragon
 65628 | Depths:5 | Found a runed door.
 65628 | Depths:5 | Found a runed door.
 65795 | Depths:5 | Found a gate to the Realm of Zot.
 66392 | Crypt:1  | Entered Level 1 of the Crypt
 66419 | Crypt:1  | Noticed WereVolvo's ghost (veteran OgHu)
 66423 | Crypt:1  | Goblin1989: !lg werevolvo oghu place=crypt:1 -log
 66423 | Crypt:1  | beem: 1. WereVolvo, XL22 OgHu, T:75152: http://crawl.xtahua.com/crawl/morgue/WereVolvo/morgue-WereVolvo-20170321-174014.txt
 66956 | Elf:1    | Entered Level 1 of the Elven Halls
 67041 | Elf:1    | Found a magical portal.
 67088 | WizLab   | Entered Lehudib's Moon Base
 67121 | WizLab   | Gained mutation: You are clumsy. (Dex -2) [a neqoxec]
 67594 | WizLab   | Gained mutation: You are weak. (Str -2) [a neqoxec]
 67959 | WizLab   | Reached XP level 22. HP: 106/106 MP: 30/35
 69541 | Elf:2    | Found a deep blue altar of Sif Muna.
 69862 | Elf:2    | Found a runed gate.
 69862 | Elf:2    | Found a runed gate.
 69863 | Elf:2    | Reached skill level 21 in Unarmed Combat
 69872 | Elf:2    | Found a runed gate.
 70030 | Elf:3    | Entered Level 3 of the Elven Halls
 70357 | Elf:3    | Found Oquo's Antique Weapon Shop.
 70861 | Elf:3    | Reached skill level 10 in Air Magic
 71321 | Elf:3    | Got a sparkling wooden ring
 71675 | Elf:3    | Identified the Tome of Conjuration
 71725 | Elf:3    | Identified the ring of Olabadd {+Fly rPois rN+ Int-4} (You took it off a deep elf demonologist on level 3 of the Elven Halls)
 71733 | Elf:3    | Identified the Papyrus of Arcane Weapons and Fire
 71758 | Elf:3    | Learned a level 2 spell: Sticks to Snakes
 72620 | Crypt:1  | Got a steaming wooden ring
 72621 | Crypt:1  | Identified the ring "Maxzad" {*Corrode rPois rF+ Str+2} (You found it on level 1 of the Crypt)
 73225 | Crypt:2  | Reached skill level 10 in Translocations
 73395 | Crypt:2  | Reached XP level 23. HP: 110/110 MP: 35/36
 73951 | Lair:1   | Learned a level 8 spell: Controlled Blink
 74519 | Crypt:1  | Killed WereVolvo's ghost
 76549 | Crypt:3  | Entered Level 3 of the Crypt
 76612 | Crypt:3  | Noticed Frederick
 76631 | Crypt:3  | Killed Frederick
 76639 | Crypt:3  | Killed the ghostly Frederick
 76654 | Crypt:3  | Reached skill level 22 in Unarmed Combat
 76941 | Crypt:3  | Found a staircase to the Tomb.
 77401 | Crypt:3  | Noticed Donald
 77407 | Crypt:3  | Noticed an ancient lich
 77415 | Crypt:3  | Killed an ancient lich
 77423 | Crypt:3  | Killed Donald
 77433 | Crypt:3  | Found an ancient bone altar of Kikubaaqudgha.
 77643 | Crypt:3  | Your ally Donald died
 78241 | Vaults:5 | Entered Level 5 of the Vaults
 78261 | Vaults:5 | Noticed Mennas
 78319 | Vaults:5 | Killed Mennas
 78319 | Vaults:5 | Reached XP level 24. HP: 115/115 MP: 27/37
 78326 | Vaults:5 | Reached skill level 15 in Translocations
 78881 | Vaults:5 | Learned a level 1 spell: Apportation
 78934 | Vaults:5 | Noticed an ancient lich
 78936 | Vaults:5 | Killed an ancient lich
 78961 | Vaults:5 | Noticed Jorgrun
 78972 | Vaults:5 | Slain by a titan
 78973 | Vaults:5 | Reached XP level 23. HP: 0/111 MP: 23/38
 79029 | Vaults:5 | Killed from afar by Jorgrun
 79030 | Vaults:5 | Reached XP level 22. HP: -41/108 MP: 37/37
 79075 | Vaults:5 | Killed from afar by Jorgrun

Action                   |  1- 3 |  4- 6 |  7- 9 | 10-12 | 13-15 | 16-18 | 19-21 | 22-24 || total
-------------------------+-------+-------+-------+-------+-------+-------+-------+-------++-------
Melee: Unarmed           |   103 |   145 |   299 |   792 |  2358 |  1519 |  1552 |  1250 ||  8018
 Cast: Invisibility      |       |       |       |     2 |    32 |    11 |       |       ||    45
       Animate Skeleton  |       |       |       |       |    23 |    50 |    55 |    46 ||   174
       Stoneskin         |       |       |       |       |     5 |    21 |    23 |    12 ||    61
       Regeneration      |       |       |       |       |    37 |    55 |    49 |    13 ||   154
       Animate Dead      |       |       |       |       |    31 |    52 |    16 |     6 ||   105
       Statue Form       |       |       |       |       |     8 |    52 |   118 |    64 ||   242
       Darkness          |       |       |       |       |     1 |     7 |     2 |       ||    10
       Phase Shift       |       |       |       |       |       |    10 |    36 |    12 ||    58
       Passage of Golubr |       |       |       |       |       |       |    12 |     2 ||    14
       Swiftness         |       |       |       |       |       |       |     2 |       ||     2
       Deflect Missiles  |       |       |       |       |       |       |     1 |     4 ||     5
       Sticks to Snakes  |       |       |       |       |       |       |       |     1 ||     1
       Controlled Blink  |       |       |       |       |       |       |       |     1 ||     1
Invok: Shadow Step       |       |       |     2 |     6 |    28 |    11 |    20 |     9 ||    76
 Abil: End Transformatio |       |       |       |       |       |       |     3 |     1 ||     4
Evoke: Wand              |       |       |    19 |     2 |    33 |     8 |    13 |     3 ||    78
  Use: Scroll            |       |     4 |    15 |     6 |    18 |    10 |    11 |    12 ||    76
       Potion            |       |     4 |     3 |     8 |    13 |    11 |     5 |     4 ||    48
 Stab: Sleeping          |    16 |    20 |    27 |   117 |   172 |    96 |    39 |    65 ||   552
       Distracted        |       |     1 |     1 |     4 |    26 |    21 |     9 |    15 ||    77
       Invisible         |       |       |       |     7 |   118 |    33 |       |       ||   158
       Paralysed         |       |       |       |       |     2 |       |       |       ||     2
       Confused          |       |       |       |       |       |     1 |       |       ||     1
  Eat: Chunk             |    10 |     4 |     9 |    20 |    86 |    88 |   117 |    51 ||   385
       Royal jelly       |       |       |       |       |       |     1 |       |     3 ||     4

Vault maps used:
D:1:      co_arrival_random_square_maze
D:2:      nicolae_overflow_hidden_temple, feat_on_display
D:3:      minmay_misc_feat_x, lemuel_statue_altar, uniq_natasha
D:4:      gup_sewer_entry_pipe, first_bread, minmay_misc_feat_columns,
          kennysheep_flooded_box
D:5:      kennysheep_windowed_goal
D:6:      minmay_temple_entry_large_hall, cheibriados_altar_1
D:7:      basic_altar, uniq_menkaure
D:8:      david_lair_shrubbed
D:9:      minmay_four_partial_circles, nicolae_gozag_seed_capital,
          lemuel_mausoleum_altar_yredelemnul, uniq_pikel
D:10:     serial_shops, nicolae_shop_competitors_out_of_business,
          blue_anna_alchemist, hangedman_abyss_or_decor_lesser_grid,
          minivault_11, uniq_josephine, uniq_maurice
D:11:     hangedman_screamer, lab_entry_generic
D:12:     hiddenorc1_lemuel
D:13:     bh_hangedman_babel_library, uniq_frances
D:14:     grunt_vaults_entry_tiered, lemuel_blue_sif_altar
D:15:     grunt_enter_depths_magical_seal, serial_glass, glass_columns_a,
          glass_columns_a, minmay_misc_feat_plants, fountainhead
Temple:   water_room_temple_a_12
Lair:2:   grunt_megastairs_1
Lair:3:   nicolae_swamp_entry_splash_gauntlet, columned_hall_lemuel,
          lemuel_old_faithful, uniq_fannar
Lair:4:   spider_nest_entry_a, serial_bayou_shore_b
Lair:5:   minmay_lindwurm_lava
Lair:6:   portal_ice_cave_entry_pillars_01
Lair:7:   wad_woods_antlair, serial_bayou_shore_b
Lair:8:   due_jungle_book, slime_dummy, serial_bayou_pond_c, pond,
          infiniplex_staircase_pool
Swamp:1:  hangedman_swamp_ruin_hall
Swamp:2:  evilmike_swamp_ruin_house_1, swamp_pool3,
          nicolae_swamp_trees_clearing, nicolae_swamp_very_dense_foliage
Swamp:3:  hangedman_swamp_pad
Swamp:4:  swamp_vile
Spider:1: nicolae_spider_corner
Spider:2: uniq_roxanne
Spider:3: spider_trap
Spider:4: johnstein_spider_rune_arachne_lair
Orc:1:    uniq_nergalle
Orc:2:    serial_shops, shop, mines3_lemuel
Orc:3:    basic_altar, nicolae_orc_pool_cavern
Orc:4:    st_orc_mages, serial_shops, shop_coins, basic_altar, roderic_batcave,
          uniq_azrael, uniq_rupert
Elf:1:    infiniplex_enter_wizlab_glasses, hangedman_elf_disciples
Elf:2:    basic_altar
Elf:3:    minmay_elf_hall_hex, serial_shops, shop
Vaults:1: grunt_vaults_swirl, vaults_mumra_minichess,
          nicolae_vaults_statue_guard, ontoclasm_vaults_ligature,
          ontoclasm_vaults_misaligned, v_misc_5, nicolae_vaults_hallways_thing,
          v_alt_pattern_5, nicolae_vaults_little_squares_3, v_misc_15,
          v_misc_27, ontoclasm_vaults_misaligned, ontoclasm_vaults_pinch,
          nicolae_vaults_shelves_hall, nicolae_vaults_little_squares_2,
          vaults_room_stairs_pillars
Vaults:2: minmay_crypt_entry_simple_statues, ontoclasm_vaults_eye,
          nicolae_vaults_twisting_passages, nicolae_vaults_circle_grid_b,
          dpeg_vaults_monster_box, v_rooms_4, v_misc_27, hangedman_vaults_snaps,
          vaults_dpeg_hooks, vaults_room_stairs_pillars, serial_shops, shop
Vaults:3: ontoclasm_vaults_claustrophobia, ontoclasm_vaults_spin,
          ontoclasm_vaults_twist, v_misc_14, v_pattern_1,
          vaults_dpeg_encased_lava, nicolae_vaults_little_squares_1,
          ontoclasm_vaults_loading_screen, nicolae_vaults_little_squares_3,
          serial_shops, shop_statue
Vaults:4: ontoclasm_vaults_tryst, ontoclasm_vaults_chip, vaults_room_semicircle,
          vaults_standard_mumra_x, hangedman_vaults_pinch, vaults_dpeg_ring,
          v_misc_1, ontoclasm_vaults_decontamination, vaults_mumra_hex,
          serial_shops, nicolae_shop_statue_plus
Vaults:5: serial_shops, uniq_mara, uniq_jorgrun, uniq_mennas
Crypt:1:  minmay_shadows
Crypt:2:  basic_loot_grate_trap, st_vampire_maze
Crypt:3:  cryptofortress_bobbens, uniq_donald, uniq_frederick
Depths:1: hellmouth_1, minmay_misc_feat_nine_boxes, minmay_misc_feat_doors,
          minmay_metal_thing
Depths:2: minmay_two_paths, pf_hell_entry_tar_river, minmay_misc_feat_pillars,
          marbit_kobold_abyss_entry, serial_shops, shop, firewood_loft,
          infiniplex_staircase_squiggle, serial_bayou_shore_b
Depths:3: angbandy_vault, hell_entry, serial_shops, kennysheep_little_box,
          abyss_entry, pan_entry, moated_statue, hangedman_decor_riveting,
          infiniplex_staircase_pillars_1, uniq_sojobo, uniq_margery
Depths:4: lemuel_river_lethe, hell_entry, abyss_entry, uniq_saint_roka
Depths:5: evilmike_zot_entry_castle, hell_entry, abyss_entry, spider_trap,
          serial_bayou_shore_b
Lab:      labyrinth_mini_lab, labyrinth_skeletal_remains, lab_fountain,
          nicolae_lab_statue, nicolae_lab_checkerboard, nicolae_lab_dead_end,
          labyrinth_glass_1, lab_block
Sewer:    sewer_frog_island_01
IceCv:    ice_cave_statue_garden_01
WizLab:   wizlab_lehudib
